 Dungeon Sprint DCSS version 0.30-a0-358-g0d69a1922f (webtiles) character file.

Game seed: 10135901767602898715

1254 Low2 the Spear-Bearer (level 8, -5/93 HPs)
             Began as an Ogre Gladiator on Nov 10, 2022.
             Was a Follower of Makhleb.
             Slain by a demonic crawler (8 damage)
             ... in the Dungeon (Sprint I: "Red Sonja").
             The game lasted 00:04:56 (1182 turns).

Low2 the Spear-Bearer (Ogre Gladiator)              Turns: 1182, Time: 00:04:57

Health: -5/93      AC:  3    Str: 21    XL:     8   Next: 51%
Magic:  8/8        EV: 12    Int:  9    God:    Makhleb [*.....]
Gold:   432        SH:  0    Dex: 10    Spells: 7/7 levels left

rFire   . . .      SeeInvis .    a - +0 trident
rCold   . . .      Faith    .    (no shield)
rNeg    . . .      Spirit   .    b - +0 robe
rPois   .          Reflect  .    c - +0 hat
rElec   .          Harm     .    (no cloak)
rCorr   .          Rampage  .    (gloves unavailable)
Will    .....      NoTele   +    (boots unavailable)
Stlth   ++........               (no amulet)
HPRegen 0.35/turn                (no ring)
MPRegen 0.11/turn                (no ring)

@: hasted, very quick
A: large, unfitting armour, tough skin 1
a: Renounce Religion


You were in the Dungeon.
You worshipped Makhleb.
Makhleb was aware of your devotion.
You visited 1 branch You collected 432 gold pieces.

Inventory:

Hand Weapons
 a - a +0 trident (weapon)
Armour
 b - a +0 robe (worn)
 c - a +0 hat (worn)
Potions
 i - 2 potions of magic
 j - a potion of berserk rage
 m - 2 potions of cancellation {unknown}


   Skills:
 + Level 9.6 Fighting
 + Level 11.3 Polearms
 + Level 6.2 Throwing
 + Level 9.3 Dodging
 + Level 4.6 Stealth
 + Level 2.3 Evocations


You had 7 spell levels left.
You didn't know any spells.
Your spell library was empty.

Dungeon Overview and Level Annotations

Branches:
Dungeon (1/1)

Altars:
Cheibriados
Dithmenos
Elyvilon
Fedhas
Gozag
Hepliaklqana
Kikubaaqudgha
Makhleb
Nemelex Xobeh
Okawaru
Qazlal
Ru
Sif Muna
Trog
Uskayaw
Vehumet
Wu Jian
Xom
Yredelemnul
Zin
The Shining One
Jiyva
Lugonu

Shops:
D [


Innate Abilities, Weirdness & Mutations

You are too large for most types of armour.
You have tough skin. (AC +1)


Message History

You throw a large rock.
The large rock hits the demonic crawler!!
The demonic crawler is moderately wounded.
The demonic crawler shrieks in warning! x2
As you read the scroll labelled MAGRIU WAGE, it crumbles to dust.
You assume a fearsome visage.
The demonic crawler looks frightened! x3
It was a scroll of fear.
A gargoyle comes into view. It is wielding a +0 flail.
You hit the demonic crawler but do no damage.
The demonic crawler hits you! x2
The demonic crawler completely misses you.
You barely miss the demonic crawler. The demonic crawler misses you.
The demonic crawler barely misses you. The demonic crawler hits you!
Cornered, the demonic crawler turns to fight! x2
You hit the demonic crawler but do no damage.
The demonic crawler hits you. The demonic crawler hits you! x2
Cornered, the demonic crawler turns to fight!
You hit the demonic crawler but do no damage.
The demonic crawler shrieks in warning!
You hear a shout!
The demonic crawler attacks as you move away!
The demonic crawler hits you! The demonic crawler closely misses you.
The demonic crawler hits you!
* * * LOW HITPOINT WARNING * * *
You hear a shout!
You feel better. The demonic crawler misses you.
The demonic crawler completely misses you.
The demonic crawler hits you.
The demonic crawler shrieks in warning!
You feel yourself speed up.
The demonic crawler shrieks in warning!
You hit the demonic crawler but do no damage.
The demonic crawler hits you!
* * * LOW HITPOINT WARNING * * *
The demonic crawler hits you.
* * * LOW HITPOINT WARNING * * *
The demonic crawler misses you. The demonic crawler hits you!
* * * LOW HITPOINT WARNING * * *
The demonic crawler hits you!
You die...

#######################
#..').#.)').#__#@s'9..#
').#..'..#..)..'ss#s.(#
#####'#####'#__####...'..#
####..#...#.####§§#####..+
#__####..##.#~~~§c# ##
#_____##'#_.'§§§§
#_.∩...'..._#§§§.c#
#_..__##_.#'##+####
#_____###+#.#


You could see 4 demonic crawlers and a gargoyle.

Vanquished Creatures
  2 kobold demonologists (D)
  A slime creature (D)
  Sigmund (D)
  A yak (D)
  A floating eye (D)
  An ogre (D)
  A jelly (D)
  Ijyb (D)
9 creatures vanquished.

Notes
Turn   | Place    | Note
-------+----------+-------------------------------------------
     0 | D        | Low2 the Ogre Gladiator began the quest for the Orb.
     0 | D        | Reached XP level 1. HP: 22/22 MP: 1/1
     2 | D        | Noticed Ijyb
    15 | D        | Killed Ijyb
    16 | D        | Reached skill level 4 in Polearms
    16 | D        | Reached XP level 2. HP: 5/31 MP: 2/2
    16 | D        | Reached XP level 3. HP: 6/37 MP: 3/3
   134 | D        | Noticed an ogre
   144 | D        | Killed an ogre
   145 | D        | Reached skill level 6 in Polearms
   145 | D        | Reached skill level 5 in Dodging
   145 | D        | Reached skill level 1 in Stealth
   145 | D        | Reached XP level 4. HP: 38/49 MP: 4/4
   182 | D        | Noticed Sigmund
   195 | D        | Killed Sigmund
   196 | D        | Reached skill level 8 in Polearms
   196 | D        | Reached XP level 5. HP: 38/59 MP: 5/5
   196 | D        | Reached XP level 6. HP: 44/67 MP: 6/6
   282 | D        | Found an ornate altar of the Wu Jian Council.
   282 | D        | Found a shimmering blue altar of Sif Muna.
   285 | D        | Found a radiant altar of Vehumet.
   319 | D        | Found Apobb's Armour Emporium.
   319 | D        | Found an ancient bone altar of Kikubaaqudgha.
   319 | D        | Found a hazy altar of Hepliaklqana.
   319 | D        | Found a stormy altar of Qazlal.
   319 | D        | Found a hide-covered altar of Uskayaw.
   319 | D        | Found a blossoming altar of Fedhas.
   319 | D        | Found a bloodstained altar of Trog.
   319 | D        | Found an iron altar of Okawaru.
   319 | D        | Found a basalt altar of Yredelemnul.
   319 | D        | Found a glowing golden altar of the Shining One.
   319 | D        | Found a snail-covered altar of Cheibriados.
   319 | D        | Found a sacrificial altar of Ru.
   319 | D        | Found a glowing silver altar of Zin.
   319 | D        | Found a shadowy altar of Dithmenos.
   319 | D        | Found a white marble altar of Elyvilon.
   319 | D        | Noticed a yak
   324 | D        | Killed a yak
   325 | D        | Reached skill level 9 in Polearms
   325 | D        | Reached skill level 5 in Throwing
   325 | D        | Reached XP level 7. HP: 47/78 MP: 7/7
   325 | D        | Found an opulent altar of Gozag.
   326 | D        | Found a sparkling altar of Nemelex Xobeh.
   433 | D        | Found a burning altar of Makhleb.
   433 | D        | Found a viscous altar of Jiyva.
   433 | D        | Found a shimmering altar of Xom.
   433 | D        | Found a corrupted altar of Lugonu.
   433 | D        | Noticed a slime creature
   452 | D        | Killed a slime creature
   682 | D        | Became a worshipper of Makhleb the Destroyer
   705 | D        | Noticed a centaur warrior
   705 | D        | Noticed a centaur warrior
   735 | D        | Noticed a kobold demonologist
   736 | D        | Noticed a kobold demonologist
   740 | D        | Reached skill level 10 in Polearms
   741 | D        | Noticed an ice devil
   750 | D        | Noticed a sun demon
   931 | D        | Noticed an orange demon
   939 | D        | Noticed a rust devil
   942 | D        | Killed a kobold demonologist
   943 | D        | Reached skill level 1 in Evocations
   943 | D        | Reached XP level 8. HP: 45/92 MP: 8/8
   958 | D        | Noticed a hellwing
   959 | D        | Noticed a red devil
   960 | D        | Noticed a smoke demon
   961 | D        | Killed a kobold demonologist
   961 | D        | Reached * piety under Makhleb
   962 | D        | Reached skill level 11 in Polearms
  1168 | D        | Noticed a demonic crawler
  1168 | D        | Noticed a demonic crawler
  1168 | D        | Noticed a demonic crawler
  1168 | D        | Noticed a demonic crawler
  1173 | D        | Noticed a gargoyle
  1182 | D        | HP: 3/93 [demonic crawler (14)]
  1182 | D        | Slain by a demonic crawler

Illustrated notes

Levels and vault maps discovered:
D:        dungeon_sprint_1 [red_sonja_temple_1, red_sonja_temple_small_1]

Skill      XL: |  1  2  3  4  5  6  7  8 |
---------------+-------------------------+-----
Fighting       | 3 4 6 7 9 |  9.6
Polearms       | 4 6 8 9 10 11 | 11.3
Dodging        | 4 5 7 8 9 |  9.3
Throwing       | 3 4 5 6 |  6.2
Stealth        | 1 2 4 |  4.6
Evocations     | 1 2 |  2.3

Action                   |  1- 3 |  4- 6 |  7- 9 || total
-------------------------+-------+-------+-------++-------
Melee: Trident           |    19 |    11 |    43 ||    73
       Punch             |       |       |     2 ||     2
Throw: Throwing net      |     2 |     1 |       ||     3
       Large rock        |       |     3 |     3 ||     6
Evoke: Wand              |       |       |    16 ||    16
  Use: Potion            |       |       |     4 ||     4
       Scroll            |       |       |     3 ||     3
 Stab: Held in net/web   |     2 |     1 |       ||     3
       Invisible         |       |       |     4 ||     4
Armor: Robe              |       |       |     3 ||     3
Dodge: Dodged            |     6 |     3 |    34 ||    43

Table legend: (Time is in decaauts)
 A = Elapsed time spent in this place.
 B = Non-inter-level travel time spent in this place.
 C = Inter-level travel time spent in this place.
 D = Time resting spent in this place.
 E = Time spent auto-exploring this place.
 F = Levels seen in this place.
 G = Mean time per level.
                   A        B        C        D        E       F      G
               +--------+--------+--------+--------+--------+-----+--------+
         Total |   1179 |   1179 |      0 |    764 |      0 |   1 | 1179.0 |
       Dungeon |   1179 |   1179 |      0 |    764 |      0 |   1 | 1179.0 |
               +--------+--------+--------+--------+--------+-----+--------+

Top non-repeatable levels by time:
       D: 1179 daAuts
